 Dungeon Crawl Stone Soup version 0.28-a0-723-g095bd1b44f (webtiles) character file.

Game seed: 3659875508348095005

24 RepHenryClay the Skirmisher (level 3, -5/34 HPs)
             Began as a Naga Fighter on Oct 25, 2021.
             Slain by Terence (9 damage)
             ... on level 2 of the Dungeon.
             The game lasted 00:01:43 (1397 turns).

RepHenryClay the Skirmisher (Naga Fighter)          Turns: 1397, Time: 00:01:43

Health: -5/34      AC:  4    Str: 19    XL:     3   Next: 2%
Magic:  3/3        EV:  7    Int:  8    God:
Gold:   36         SH:  4    Dex: 10    Spells: 2/2 levels left

rFire   . . .      SeeInvis +   a - +0 war axe
rCold   . . .      Faith    .   c - +0 buckler
rNeg    . . .      Spirit   .   b - +0 scale mail
rPois   +          Reflect  .   (no helmet)
rElec   .          Harm     .   (no cloak)
rCorr   .          Rampage  .   (no gloves)
Will    .....                   (no barding)
Stlth   ..........              (no amulet)
HPRegen 0.11/turn               (no ring)
MPRegen 0.08/turn               (no ring)

@: mighty, attractive, very slow
A: AC +1, large, see invisible, deformed body, poison resistance, slowness 2,
spit poison 1, naga tail 1
a: Spit Poison


You were on level 2 of the Dungeon.
You visited 1 branch of the dungeon, and saw 2 of its levels.

You collected 36 gold pieces.

Inventory:

Hand Weapons
 a - a +0 war axe (weapon)
 h - a +1 short sword of speed
Armour
 b - a +0 scale mail (worn)
 c - a +0 buckler (worn)
Scrolls
 e - 2 scrolls of vulnerability {unknown}
 f - a scroll of identify {unknown}
Potions
 i - a potion of heal wounds {unknown}
 j - a potion of curing {unknown}


   Skills:
 + Level 3.2 Fighting
 + Level 2.3 Axes
 + Level 2.7 Armour
 + Level 2.6 Shields


You had 2 spell levels left.
You didn't know any spells.
Your spell library was empty.

Dungeon Overview and Level Annotations

Branches:
Dungeon (2/15)

Altars:

Shops:
D:1 [

Annotations:
D:2 Terence


Innate Abilities, Weirdness & Mutations

Your serpentine skin is tough. (AC +1)
You have supernaturally acute eyesight. (SInv)
Armour fits poorly on your strangely shaped body.
Your system is resistant to poisons. (rPois)
You cover ground very slowly.
You can spit poison.
You have a snake-like lower body.


Message History

You see here a +0 club.
You see here a +0 short sword.
You enter the shallow water.
Moving in this stuff is going to be slow.
Done exploring.
Done exploring.
There is a stone staircase leading down here.
You climb downwards.
Found an escape hatch in the ceiling.
There is a stone staircase leading up here.
There is an escape hatch in the ceiling here.
Terence the Incautious comes into view.
He is wielding a +2 flail of protection.
Terence shouts!
Terence moves out of view.
Press: ? - help, Shift-Dir - straight line, f - Terence
Aim: Terence, wielding a +2 flail of protection and wearing a +0 chain mail The splash of poison hits Terence but does no damage.
Terence is poisoned.
Terence hits you with a +2 flail of protection!
Huge Dmg: -20%(-7hp) hp: 80%(27hp)
Okay, then.
You feel very mighty all of a sudden.
Terence hits you with a +2 flail of protection!
Huge Dmg: -21%(-7hp) hp: 59%(20hp)
You hit Terence.
Terence is moderately wounded.
Terence hits you with a +2 flail of protection.
Damage: -9%(-3hp) hp: 50%(17hp)
You closely miss Terence.
Terence is moderately wounded.
Terence hits you with a +2 flail of protection!
* * * LOW HITPOINT WARNING * * *
Terence hits you with a +2 flail of protection.
* * * LOW HITPOINT WARNING * * *
Huge Dmg: -38%(-13hp) hp: 12%(4hp) It was a potion of attraction.
You feel attractive to monsters.
You have got your breath back.
Terence hits you with a +2 flail of protection!
You die...

...........<.......#
#######.##......####
#.##.........
#.##.########
########.##.#
.........##.###
###...........#
######.###...###.#
.......@.....#
#####..@##...#
#.....#.###
..........#
###.....#..
##...#### ##.## ##


You could see Terence (poisoned).

Vanquished Creatures
  5 endoplasms (D:1)
  3 goblins (D:1)
  2 hobgoblins (D:1)
  A quokka (D:1)
  3 ball pythons (D:1)
  2 bats (D:1)
  A frilled lizard (D:1)
  4 kobolds (D:1)
  2 rats (D:1)
23 creatures vanquished.

Notes
Turn   | Place    | Note
-------+----------+-------------------------------------------
     0 | D:1      | RepHenryClay the Naga Fighter began the quest for the Orb.
     0 | D:1      | Reached XP level 1. HP: 21/21 MP: 1/1
   247 | D:1      | Reached XP level 2. HP: 25/28 MP: 2/2
   284 | D:1      | Found Poqyaff's Armour Shop.
  1277 | D:1      | Reached XP level 3. HP: 34/34 MP: 3/3
  1391 | D:2      | Noticed Terence
  1397 | D:2      | Slain by Terence

Illustrated notes

Levels and vault maps discovered:
D:1:      lightli_arrival_windingriver, layout_basic, serial_shops,
          nicolae_shop_waterfront, chequers_serial_rivers_micro_a
D:2:      layout_loops_ring, ebering_ecumenical_altar_hall,
          minmay_misc_feat_alley, minmay_crystal_room, minmay_octomino_j4,
          uniq_terence

Action                   || total
-------------------------++-------
Melee: War axe           ||    67
 Abil: Spit Poison       ||     6
  Use: Potion            ||     2
Armor: Scale mail        ||    42
Dodge: Dodged            ||    19
Block: Buckler           ||    19

Table legend: (Time is in decaauts)
 A = Elapsed time spent in this place.
 B = Non-inter-level travel time spent in this place.
 C = Inter-level travel time spent in this place.
 D = Time resting spent in this place.
 E = Time spent auto-exploring this place.
 F = Levels seen in this place.
 G = Mean time per level.
                   A        B        C        D        E       F      G
               +--------+--------+--------+--------+--------+-----+--------+
         Total |   1728 |   1714 |     14 |    128 |   1370 |   2 |  864.0 |
       Dungeon |   1728 |   1714 |     14 |    128 |   1370 |   2 |  864.0 |
               +--------+--------+--------+--------+--------+-----+--------+

Top non-repeatable levels by time:
     D:1: 1700 daAuts
     D:2: 27 daAuts
